 Dungeon Crawl Stone Soup version 0.22.0-18-ge075c0d (webtiles) character file.

1836 dysrexia the Skirmisher (level 9, -2/73 HPs)
             Began as a Gnoll Abyssal Knight on Aug 18, 2018.
             Was a Priest of Lugonu.
             Slain by a wyvern (9 damage)
             ... on level 8 of the Dungeon.
             The game lasted 00:22:57 (7114 turns).

dysrexia the Skirmisher (Gnoll Abyssal Knight)      Turns: 7114, Time: 00:22:59

Health: -2/73      AC:  9    Str: 22    XL:     9   Next: 11%
Magic:  0/14       EV: 14    Int: 19    God:    Lugonu [***...]
Gold:   450        SH:  5    Dex: 17    Spells: 15/15 levels left

rFire    + . .     SeeInvis +   a - +2 mace
rCold    + . .     Gourm    .   l - +0 buckler
rNeg     . . .     Faith    .   e - +1 ring mail {rF+}
rPois    .         Spirit   +   o - +0 helmet
rElec    +         Reflect  .   x - scarf {repulsion}
rCorr    .         Harm     .   C - +0 pair of gloves of Goxoong {rElec MP-9 Int+4 SInv}
MR       .....                  (no boots)
Stlth    ++........             y - amulet of guardian spirit
HPRegen  0.22/turn              d - ring of magical power
MPRegen  0.14/turn              A - ring of wizardry (curse)

@: mighty, repel missiles
A: distributed training, fangs 1, blurry vision 1, cold resistance 1, strong 1,
MP-powered wands, strong nose
a: Depart the Abyss, Bend Space, Banish, Renounce Religion


You were on level 8 of the Dungeon.
You worshipped Lugonu.
Lugonu was most pleased with you.
You were very hungry.

You visited 1 branch of the dungeon, and saw 8 of its levels.
You visited the Abyss 1 time.

You collected 450 gold pieces.

Inventory:

Hand Weapons
 a - a +2 mace (weapon)
Missiles
 g - 23 poisoned needles
Armour
 e - a +1 ring mail of fire resistance (worn)
 l - a +0 buckler (worn)
 o - a +0 helmet (worn)
 x - a scarf of repulsion (worn)
 C - the +0 pair of gloves of Goxoong (worn) {rElec MP-9 Int+4 SInv}
   (You found it on level 6 of the Dungeon)

   It affects your intelligence (+4).
   It insulates you from electricity.
   It affects your magic capacity (-9).
   It lets you see invisible.
Jewellery
 b - an uncursed ring of protection from cold
 d - a ring of magical power (left hand)
 y - an amulet of guardian spirit (around neck)
 A - a cursed ring of wizardry (right hand)
Wands
 p - a wand of iceblast (9)
 s - a wand of acid (3)
 B - a wand of paralysis (11)
Scrolls
 k - 3 scrolls of magic mapping
 n - a scroll of torment {unknown}
 q - 3 scrolls of teleportation
 r - 2 scrolls of identify
 u - a scroll of blinking
 v - 2 scrolls of amnesia
 z - a scroll of remove curse
 E - 3 scrolls of immolation {unknown}
Potions
 f - 2 potions of might
 h - a potion of flight
 i - 2 potions of haste
 j - a potion of heal wounds
 m - a potion of lignification
 t - 3 potions of curing
 w - a potion of invisibility {unknown}
Comestibles
 c - 8 rations


   Skills:
 + Level 7.6 Fighting
 + Level 3.8 Short Blades
 + Level 3.8 Long Blades
 + Level 3.8 Axes
 + Level 6.0 Maces & Flails
 + Level 3.8 Polearms
 + Level 3.8 Staves
 + Level 3.8 Slings
 + Level 3.8 Bows
 + Level 3.8 Crossbows
 + Level 3.8 Throwing
 + Level 6.0 Armour
 + Level 4.7 Dodging
 + Level 3.8 Stealth
 + Level 3.8 Shields
 + Level 3.8 Unarmed Combat
 + Level 3.8 Spellcasting
 + Level 3.1 Conjurations
 + Level 3.1 Hexes
 + Level 3.1 Charms
 + Level 3.1 Summonings
 + Level 3.1 Necromancy
 + Level 3.1 Translocations
 + Level 3.1 Transmutations
 + Level 3.1 Fire Magic
 + Level 3.1 Ice Magic
 + Level 3.1 Air Magic
 + Level 3.1 Earth Magic
 + Level 3.1 Poison Magic
 + Level 6.3 Invocations
 + Level 3.8 Evocations


You had 15 spell levels left.
You didn't know any spells.
Your spell library was empty.

Dungeon Overview and Level Annotations

Branches:
Dungeon (8/15)             Temple (0/1) D:4
   Lair: D:8-11

Altars:
Dithmenos
Gozag
Makhleb
Ru
Wu Jian
Xom

Annotations:
D:7 2 transporters
Abyss:1 Joseph


Innate Abilities, Weirdness & Mutations

Your experience applies equally to all skills.
You have very sharp teeth.
Your uncanny sense of smell can sniff out nearby items.
Scrolls take you a little longer to read.
Your flesh is cold resistant. (rC+)
Your muscles are strong. (Str +2)
You expend magic power (3 MP) to strengthen your wands.


Message History

The ogre is almost dead.
The hungry ghost hits you.
You feel a lot more hungry. The wyvern bites you!
* * * LOW HITPOINT WARNING * * *
The ogre barely misses you. The hungry ghost hits you.
* * * LOW HITPOINT WARNING * * *
You are feeling hungry.
You feel much better. You block the wyvern's attack.
The wyvern closely misses you. The hungry ghost closely misses you.
You feel very mighty all of a sudden. You block the wyvern's attack.
The ogre barely misses you. The hungry ghost hits you.
You are feeling very hungry.
You barely miss the ogre.
The ogre is almost dead.
The wyvern bites you!
* * * LOW HITPOINT WARNING * * *
The ogre hits you with a giant spiked club!
* * * LOW HITPOINT WARNING * * *
The wyvern bites you!
You die...

#......#
#......# ∆
#......#
#......+
#......#+##
#..........
#..O.......
#..@.......
#..lW......
#.<........
#..........
#..........
#..........
...........
............
...........


You could see a hungry ghost, a wyvern and an ogre.

Vanquished Creatures
  A hungry ghost (D:7)
  An ice beast (D:6)
  A black bear (D:7)
  A phantom (D:5)
  A centaur (D:6)
  3 bullfrogs
  2 scorpions (D:4)
  2 howler monkeys (D:4)
  A bullfrog zombie (D:5)
  2 crimson imps
  2 hounds
  2 centaur skeletons
  4 orc priests
  4 orc wizards
  4 worker ants
  A hound skeleton (D:6)
  A worker ant zombie (D:5)
  4 gnolls (D:2)
  9 adders
  2 oozes
  4 worms
  A dart slug (D:2)
  2 leopard geckos (D:6)
  17 orcs
  6 giant cockroaches
  11 hobgoblins
  8 jackals (D:1)
  11 kobolds
  4 quokkas
  11 bats
  7 frilled lizards
  6 goblins
  A jackal zombie (D:5)
  A quokka skeleton (D:4)
  3 rats
141 creatures vanquished.

Notes
Turn   | Place    | Note
-------+----------+-------------------------------------------
     0 | Abyss:1  | dysrexia the Gnoll Abyssal Knight began the quest for the Orb.
     0 | Abyss:1  | Reached XP level 1. HP: 23/23 MP: 3/3
    33 | Abyss:1  | Noticed a small abomination
    34 | Abyss:1  | Noticed a large abomination
    35 | D:1      | Escaped the Abyss
   220 | D:1      | Reached * piety under Lugonu
   220 | D:1      | Reached XP level 2. HP: 29/29 MP: 5/5
   527 | D:1      | Reached XP level 3. HP: 35/35 MP: 6/6
  1022 | D:2      | HP: 1/35 [poisoned by an adder]
  1517 | D:2      | Reached skill level 1 in Short Blades
  1517 | D:2      | Reached skill level 1 in Long Blades
  1517 | D:2      | Reached skill level 1 in Axes
  1517 | D:2      | Reached skill level 1 in Polearms
  1517 | D:2      | Reached skill level 1 in Staves
  1517 | D:2      | Reached skill level 1 in Slings
  1517 | D:2      | Reached skill level 1 in Bows
  1517 | D:2      | Reached skill level 1 in Crossbows
  1517 | D:2      | Reached skill level 1 in Throwing
  1517 | D:2      | Reached skill level 1 in Stealth
  1517 | D:2      | Reached skill level 1 in Shields
  1517 | D:2      | Reached skill level 1 in Unarmed Combat
  1517 | D:2      | Reached skill level 1 in Spellcasting
  1517 | D:2      | Reached skill level 1 in Evocations
  1562 | D:2      | Found a burning altar of Makhleb.
  1568 | D:2      | Reached XP level 4. HP: 24/41 MP: 7/7
  1791 | D:2      | Reached skill level 1 in Conjurations
  1791 | D:2      | Reached skill level 1 in Hexes
  1791 | D:2      | Reached skill level 1 in Charms
  1791 | D:2      | Reached skill level 1 in Summonings
  1791 | D:2      | Reached skill level 1 in Necromancy
  1791 | D:2      | Reached skill level 1 in Translocations
  1791 | D:2      | Reached skill level 1 in Transmutations
  1791 | D:2      | Reached skill level 1 in Fire Magic
  1791 | D:2      | Reached skill level 1 in Ice Magic
  1791 | D:2      | Reached skill level 1 in Air Magic
  1791 | D:2      | Reached skill level 1 in Earth Magic
  1791 | D:2      | Reached skill level 1 in Poison Magic
  2002 | D:2      | Reached ** piety under Lugonu
  2037 | D:2      | Reached XP level 5. HP: 22/47 MP: 8/8
  2790 | D:2      | Gained mutation: Your muscles are strong. (Str +2) [potion of mutation]
  2790 | D:2      | Gained mutation: You are occasionally teleported next to monsters. [potion of mutation]
  2790 | D:2      | Gained mutation: You possess an exceptional clarity of mind. [potion of mutation]
  2791 | D:2      | Lost mutation: You possess an exceptional clarity of mind. [potion of mutation]
  2791 | D:2      | Lost mutation: You are occasionally teleported next to monsters. [potion of mutation]
  2791 | D:2      | Gained mutation: Scrolls take you a little longer to read. [potion of mutation]
  2791 | D:2      | Gained mutation: Your flesh is cold resistant. (rC+) [potion of mutation]
  2791 | D:2      | Gained mutation: You expend magic power (3 MP) to strengthen your wands. [potion of mutation]
  2870 | D:3      | Found a faded altar of an unknown god.
  2881 | D:3      | Reached XP level 6. HP: 52/53 MP: 9/9
  2890 | D:3      | Reached skill level 5 in Invocations
  3508 | D:4      | Reached skill level 5 in Maces & Flails
  3508 | D:4      | Reached skill level 5 in Armour
  3661 | D:4      | Reached *** piety under Lugonu
  3767 | D:4      | Found a staircase to the Ecumenical Temple.
  4205 | D:5      | Entered Level 5 of the Dungeon
  4210 | D:4      | Reached XP level 7. HP: 51/59 MP: 10/10
  4293 | D:4      | Reached skill level 7 in Fighting
  4765 | D:5      | Found a shadowy altar of Dithmenos.
  4872 | D:5      | Found a shimmering altar of Xom.
  4874 | D:5      | Found an ornate altar of the Wu Jian Council.
  5285 | D:6      | Reached XP level 8. HP: 61/67 MP: 12/12
  5803 | D:6      | Found an opulent altar of Gozag.
  6060 | D:6      | Got a pair of dazzling gloves
  6071 | D:6      | Identified the +0 pair of gloves of Goxoong {rElec MP-9 Int+4 SInv} (You found it on level 6 of the Dungeon)
  6253 | D:7      | Found a sacrificial altar of Ru.
  6255 | D:7      | Noticed a troll
  6255 | D:7      | Noticed a centaur warrior
  6257 | D:7      | Found a transporter.
  6265 | D:7      | Found a transporter.
  6314 | D:7      | Noticed Joseph
  6628 | D:7      | Banished Joseph
  6738 | D:7      | Reached XP level 9. HP: 53/72 MP: 8/14
  7051 | D:8      | Noticed a two-headed ogre
  7111 | D:8      | HP: 1/73 [hungry ghost (3)]
  7114 | D:8      | Slain by a wyvern

Skill      XL: |  1  2  3  4  5  6  7  8 |
---------------+-------------------------+-----
Short Blades   | 1 2 3 |  3.8
Long Blades    | 1 2 3 |  3.8
Axes           | 1 2 3 |  3.8
Polearms       | 1 2 3 |  3.8
Staves         | 1 2 3 |  3.8
Slings         | 1 2 3 |  3.8
Bows           | 1 2 3 |  3.8
Crossbows      | 1 2 3 |  3.8
Throwing       | 1 2 3 |  3.8
Stealth        | 1 2 3 |  3.8
Shields        | 1 2 3 |  3.8
Unarmed Combat | 1 2 3 |  3.8
Spellcasting   | 1 2 3 |  3.8
Evocations     | 1 2 3 |  3.8
Conjurations   | 1 2 3 |  3.1
Hexes          | 1 2 3 |  3.1
Charms         | 1 2 3 |  3.1
Summonings     | 1 2 3 |  3.1
Necromancy     | 1 2 3 |  3.1
Translocations | 1 2 3 |  3.1
Transmutations | 1 2 3 |  3.1
Fire Magic     | 1 2 3 |  3.1
Ice Magic      | 1 2 3 |  3.1
Air Magic      | 1 2 3 |  3.1
Earth Magic    | 1 2 3 |  3.1
Poison Magic   | 1 2 3 |  3.1
Dodging        | 3 4 |  4.7
Invocations    | 5 6 |  6.3
Maces & Flails | 5 6 |  6.0
Armour         | 5 6 |  6.0
Fighting       | 7 |  7.6

Action                   |  1- 3 |  4- 6 |  7- 9 || total
-------------------------+-------+-------+-------++-------
Melee: Mace              |    98 |   220 |   257 ||   575
       Bite              |     4 |    29 |    41 ||    74
       Punch             |       |     2 |     1 ||     3
Invok: Depart the Abyss  |     1 |       |       ||     1
       Bend Space        |       |     1 |       ||     1
       Banish            |       |       |     1 ||     1
Evoke: Wand              |       |       |     2 ||     2
  Use: Scroll            |     4 |     6 |     3 ||    13
       Potion            |       |     5 |     2 ||     7
 Stab: Sleeping          |     1 |     1 |     3 ||     5
  Eat: Chunk             |     2 |     8 |    12 ||    22
       Ration            |       |       |     2 ||     2
Armor: Leather armour    |    36 |    59 |       ||    95
       Ring mail         |       |    43 |    96 ||   139
Dodge: Dodged            |    66 |   192 |   172 ||   430
       Deflected         |       |       |     1 ||     1
Block: Buckler           |       |       |    31 ||    31
